[Event "27th OIBM 2024"]
[Site "Gmund am Tegernsee"]
[Date "2024.10.27"]
[Round "2.47"]
[White "Ohler, Julius"]
[Black "Brychcy, Felix"]
[Result "0-1"]
[ECO "D06"]
[WhiteElo "2231"]
[BlackElo "1999"]
[Annotator "RC"]
[PlyCount "132"]
[EventDate "2024.09.16"]
[EventType "swiss"]
[EventCountry "GER"]
[SourceTitle "playchess.com"]
[Source "ChessBase"]
[SourceQuality "1"]
[TimeControl "40/5400+30:1800+30"]

1. d4 d5 2. c4 c5 3. dxc5 e6 4. e3 dxc4 5. Qa4+ Nc6 6. Qxc4 Qa5+ 7. Bd2 Qxc5 8. Na3 Qxc4 9. Bxc4 a6 10. Rc1 Nf6 11. Nf3 Bd7 12. O-O Ne4 13. Rfd1 Nxd2 14. Nxd2 Na5 15. Ne4 Bxa3 16. bxa3 Nxc4 17. Rxc4 Bc6 18. Nd6+ Kf8 19. e4 e5 20. f4 exf4 21. Rb1 g5 22. Nxb7 Bxb7 23. Rxb7 Kg7 24. Rc5 h6 25. h4 Kg6 26. Rf5 Rhe8 27. hxg5 hxg5 28. Rfxf7 Rxe4 29. Rbe7 Ra4 30. Rg7+ Kf5 31. Ref7+ Kg4 32. Rd7 Ra5 33. Rd3 Rb8 34. Rgd7 Rb1+ 35. Kf2 Rb2+ 36. Rd2 Rxd2+ 37. Rxd2 Rxa3 38. Rc2 Ra5 39. Kg1 Ra3 40. Kf2 Ra5 41. Kg1 Rb5 42. Rc3 Ra5 43. Rc2 Ra4 44. Kf2 a5 45. Kg1 Rb4 46. Rc3 Ra4 47. a3 Rd4 48. Kh2 a4 49. Kg1 Rd1+ 50. Kf2 Rd2+ 51. Kg1 Ra2 52. Rd3 Kh4 53. Rh3+ Kg4 54. Rc3 Kh5 55. Kf1 g4 56. Rc4 Rxa3 57. Rxf4 Kh4 58. Kg1 Kg3 59. Rf1 Ra2 60. Kh1 a3 61. Rd1 Kh4 62. Rd4 Rb2 63. Ra4 Rb3 64. Kh2 Rc3 65. Rb4 a2 66. Ra4 Rc2 0-1

[Event "27th OIBM 2024"]
[Site "Gmund am Tegernsee"]
[Date "2024.10.27"]
[Round "2.48"]
[White "Ashwath Kaushik"]
[Black "Markmann, Ulrich"]
[Result "1/2-1/2"]
[ECO "B33"]
[WhiteElo "1980"]
[BlackElo "2230"]
[Annotator "RC"]
[PlyCount "85"]
[EventDate "2024.09.16"]
[EventType "swiss"]
[EventCountry "GER"]
[SourceTitle "playchess.com"]
[Source "ChessBase"]
[SourceQuality "1"]
[TimeControl "40/5400+30:1800+30"]

1. e4 c5 2. Nf3 e6 3. d4 cxd4 4. Nxd4 Nf6 5. Nc3 Nc6 6. Ndb5 d6 7. Bf4 e5 8. Bg5 a6 9. Na3 b5 10. Nd5 Be7 11. Bxf6 Bxf6 12. c4 b4 13. Nc2 a5 14. g3 g6 15. h4 h5 16. Bh3 Bxh3 17. Rxh3 Bg7 18. Rh1 Rb8 19. b3 Qd7 20. Qf3 O-O 21. Rd1 f5 22. exf5 Rxf5 23. Qe4 Rbf8 24. Rd2 Qf7 25. Rf1 Nd4 26. Ne7+ Qxe7 27. Nxd4 R5f6 28. Nc2 Bh6 29. Rd3 Qa7 30. f3 Kg7 31. Ke2 Qd7 32. Rg1 Qh3 33. Ne1 Qf5 34. Qxf5 gxf5 35. Rd5 Ra8 36. Rb5 a4 37. g4 fxg4 38. fxg4 hxg4 39. Rxg4+ Kf7 40. Rxb4 axb3 41. a4 b2 42. c5 dxc5 43. Rxb2 1/2-1/2

[Event "27th OIBM 2024"]
[Site "Gmund am Tegernsee"]
[Date "2024.10.28"]
[Round "3.1"]
[White "Priyanka Nutakki"]
[Black "Kollars, Dmitrij"]
[Result "0-1"]
[ECO "A20"]
[WhiteElo "2289"]
[BlackElo "2647"]
[Annotator "TA"]
[PlyCount "86"]
[EventDate "2024.09.16"]
[EventType "swiss"]
[EventCountry "GER"]
[SourceTitle "playchess.com"]
[Source "ChessBase"]
[SourceQuality "1"]
[TimeControl "40/5400+30:1800+30"]

1. c4 e5 2. g3 c6 3. Nf3 e4 4. Nd4 d5 5. cxd5 Qxd5 6. Nc2 Nf6 7. Nc3 Qe5 8. Bg2 {[%emt 0:00:24] The position is equal.} Na6 9. Rb1 h5 10. d3 exd3 11. Qxd3 Nc5 12. Qd4 Bd6 13. b4 (13. Qxe5+ {simplifies} Bxe5 14. Be3 Ne6 15. O-O) 13... Qxd4 14. Nxd4 Be5 $1 15. bxc5 {[%emt 0:02:54] And now e3 would win.} Bxd4 16. Na4 Nd7 17. Ba3 Kd8 (17... Bf6 $11) 18. O-O $36 {[%emt 0:02:14][%mdl 2048] White is more active.} Kc7 (18... Re8 $14 {deserves consideration.}) 19. Rfd1 $16 Bf6 20. Bb4 $1 a5 21. Bd2 {[%emt 0:16:44] Hoping for Nb6.} Ne5 22. Nb6 Ra6 {[%emt 0:00:58] [#]} 23. h3 (23. Nxc8 $1 $16 Rxc8 24. Bf4) 23... Bf5 24. Rbc1 Rd8 25. Bf4 {[%emt 0:01:34] Nc4 is the strong threat.} Rd7 $2 26. h4 $2 (26. Nxd7 Bxd7 27. h4 Be6) (26. Rxd7+ $18 Bxd7 27. Nc4) 26... Rxd1+ $14 27. Rxd1 Rxb6 28. cxb6+ Kxb6 29. e4 ({Better is} 29. Bg5 $16) 29... Be6 30. Rb1+ Ka6 31. Bf1+ b5 32. Bxe5 $2 (32. a4 $11 {and White is okay.} Nc4 33. Bc7) 32... Bxe5 $11 {[%emt 0:02:09][%mdl 4096] Endgame. KRB-KB} 33. a4 {[%emt 0:08:48][%cal Ra4b5] [#]} Ba2 $1 ({Stronger than} 33... Bd7 34. Rd1 Be6 35. f4 $11) 34. Bxb5+ (34. Rd1 {might work better.}) 34... cxb5 $19 35. Rxb5 Bd4 36. Rf5 (36. Kg2 {was worth a try.}) 36... Bb3 37. Rxh5 f6 (37... Bxa4 $142 38. Rd5 Bb6) 38. Rd5 $2 (38. Rh7 Bxa4 39. Rxg7) 38... Be5 $2 (38... Bxd5 39. exd5 Kb6) 39. g4 $2 (39. Rd7 $2 g6 40. f4 (40. Rg7 $2 Bxa4 41. f4 Bd4+ 42. Kh2 Bb3 $19) 40... Bxa4 $19) (39. Rd8 Bxa4 40. f4) 39... Bxa4 {Black is clearly winning.} 40. f3 Bc6 41. Rd3 a4 42. g5 fxg5 43. hxg5 Bb2 {[%emt 0:00:10] Weighted Error Value: White=0.82/Black=0.45.  Loses game:     	White=1     	Black=1      Missed win:     	White=1     	---        Mistake:       	White=6     	Black=4      Inaccurate:     	White=2     	Black=2      OK:         	White=9     	Black=12     Best:        	---       	Black=3      Strong:       	White=1     	Black=2} 0-1

[Event "27th OIBM 2024"]
[Site "Gmund am Tegernsee"]
[Date "2024.10.28"]
[Round "3.2"]
[White "Safarli, Eltaj"]
[Black "Mitev, Valentin"]
[Result "1-0"]
[ECO "B08"]
[WhiteElo "2596"]
[BlackElo "2274"]
[Annotator "TA"]
[PlyCount "55"]
[EventDate "2024.09.16"]
[EventType "swiss"]
[EventCountry "GER"]
[SourceTitle "playchess.com"]
[Source "ChessBase"]
[SourceQuality "1"]
[TimeControl "40/5400+30:1800+30"]

1. e4 g6 2. d4 Bg7 3. Nc3 d6 4. Nf3 Nf6 5. Be2 O-O 6. O-O Nc6 7. d5 Nb8 8. h3 e5 9. dxe6 Bxe6 10. Bf4 Nc6 11. Re1 Re8 12. Ng5 {[%emt 0:06:43] White is slightly better.} Bd7 13. Bc4 Rf8 14. Qd2 Ne5 15. Be2 Bc6 16. Rad1 Re8 (16... Qe7 $11) 17. Bxe5 $1 $14 Rxe5 (17... dxe5 $14 18. Bc4 Qxd2 19. Bxf7+ (19. Rxd2 Re7 $11) 19... Kf8 20. Rxd2 Bh6) 18. Bc4 $16 Be8 19. Bb3 {[%emt 0:02:59] White is much more active.} Nh5 (19... Qe7 $142) 20. Nf3 Bd7 {[%emt 0:02:19] [#] Against g4. A mistake that costs the game.} (20... Re7 $16 {might work better.}) 21. g4 $18 (21. Nxe5 Bxe5 22. Qd5 Qe8 23. Qxb7 a5 $18) 21... Rc5 (21... Kh8 {keeps fighting.} 22. Ne2 (22. gxh5 Rxh5 23. Qe3 f6 $18) (22. Nxe5 Bxe5 23. gxh5 Qh4 $18) 22... Qe7 23. Nxe5 (23. gxh5 g5 $18) 23... Bxe5) 22. e5 (22. gxh5 Rxh5 23. Qf4 Be8 $18) 22... Qc8 23. gxh5 Bxh3 {[%emt 0:00:20] [#] ( -> ...Qg4+)} 24. Qf4 (24. exd6 $2 Qg4+ 25. Kh2 Qg2#) 24... dxe5 25. Nxe5 {[%emt 0:05:29] White is clearly winning.} Rxe5 26. Bxf7+ (26. Rxe5 Bxe5 27. Qxe5 Qg4+ 28. Qg3 Qxg3+ 29. fxg3 Kg7 30. hxg6 hxg6 $18) 26... Kf8 (26... Kh8 $142) 27. Be6+ (27. Rxe5 Bxe5 28. Qxe5 Qg4+ 29. Qg3 Kxf7 $16 (29... Qxg3+ 30. fxg3 Kxf7 31. hxg6+ Kxg6 32. Nd5 $11)) (27. hxg6 Qg4+ 28. Qxg4 Rxe1+ 29. Rxe1 Bxg4 $14) 27... Rf5 28. Bxc8 {[%emt 0:01:04] Weighted Error Value: White=0.24 (precise) /Black=0.64.  Loses game:     	---       	Black=1      Mistake:       	---       	Black=5      Inaccurate:     	White=1     	Black=1      OK:         	White=5     	Black=5      Best:        	White=4     	Black=1      Strong:       	White=1     	---} (28. Qh4 $142 Rg5+ 29. Qxg5 Bxe6 30. hxg6 hxg6 31. Nd5 (31. Qxg6 Qe8 $18)) 1-0

[Event "27th OIBM 2024"]
[Site "Gmund am Tegernsee"]
[Date "2024.10.28"]
[Round "3.3"]
[White "Guth, Thomas"]
[Black "Karthik Venkataraman"]
[Result "0-1"]
[ECO "B45"]
[WhiteElo "2261"]
[BlackElo "2581"]
[Annotator "TA"]
[PlyCount "124"]
[EventDate "2024.09.16"]
[EventType "swiss"]
[EventCountry "GER"]
[SourceTitle "playchess.com"]
[Source "ChessBase"]
[SourceQuality "1"]
[TimeControl "40/5400+30:1800+30"]

1. e4 c5 2. Nf3 e6 3. d4 cxd4 4. Nxd4 Nf6 5. Nc3 Nc6 6. Ndb5 Bc5 7. Nd6+ Ke7 8. Nxc8+ Rxc8 9. Be2 a6 10. O-O Qc7 11. Kh1 Rhd8 12. Bg5 {[%emt 0:01:04] The position is equal.} (12. Bd3 {simplifies} Kf8 13. Bg5 Be7 14. f4) 12... h6 $1 13. Bxf6+ gxf6 14. f4 Bb4 15. Nd5+ exd5 16. exd5 Nb8 17. Bd3 (17. Qd4 $15 Qd6 18. Qe4+ Kf8 19. c3 (19. Qh7 f5 $11)) 17... Rf8 18. c3 Bd6 19. Qe2+ Kd8 20. Rae1 a5 (20... Bxf4 21. Qe7#) 21. Qe4 (21. Qh5 $17) 21... Qb6 $19 22. Qf5 Kc7 (22... Qxb2 $2 23. Qxf6+ Kc7 24. Rb1 $18) 23. a4 (23. Rb1 {was necessary.}) 23... Rce8 {[%emt 0:02:53] Strongly threatening ...Rxe1.} (23... Qxb2 24. Rb1 Qa3 (24... Qxc3 $2 25. Rfc1 $18) 25. Bb5) 24. Rb1 Na6 25. Bb5 Re7 26. b4 axb4 27. cxb4 Nxb4 28. Rfc1+ Kb8 29. Qxf6 Rfe8 $2 (29... Nxd5 $19 30. Qxh6 Rc8 (30... Bxf4 $2 31. Qxf8+ Ka7 32. Rc8 $18) 31. Rxc8+ Kxc8 32. Qh8+ (32. Bxd7+ $2 Kxd7 33. Qh3+ Kc7 $19) 32... Kc7) 30. Bf1 $1 $11 {[%emt 0:00:20] And now a5 would win.} Nxd5 (30... Re4 {is more complex.} 31. a5 Rxf4 32. Re1 Rxf1+ 33. Qxf1 Rxe1 34. axb6 Rxf1+ 35. Rxf1 Bc5) 31. Rxb6 (31. Qxh6 $2 Re6 32. Qg5 Nb4 $19) 31... Nxf6 32. Rxd6 Re6 33. Rdd1 Re4 34. Bb5 R8e6 35. Kg1 d5 36. g3 Re3 37. Rb1 h5 38. a5 Ne4 {[%emt 0:02:28] Hoping for ...Nc3.} 39. Rd3 (39. Rxd5 Nc3 40. Rd8+ (40. Rxh5 $2 {too greedy.} Nxb1 41. a6 bxa6 $19) 40... Kc7 41. Rd7+ Kc8 $17) 39... Nc3 40. Rxe3 Rxe3 {[%emt 0:00:06][%mdl 4096] Endgame. KRB-KRN} 41. Rb2 Kc7 {[%emt 0:30:48] Prevents Bc6} 42. Bf1 Re6 43. Rb3 Rc6 44. Bb5 Rc5 45. Be8 d4 {[%emt 0:00:00] aiming for ...d3.} 46. Kf2 ({White should try} 46. Bxf7 $11 Rxa5 47. Kg2) 46... Ne4+ $1 $15 47. Ke2 (47. Ke1 $15) 47... Nd6 $17 ({Don't take} 47... Rxa5 48. Bxf7 Ra2+ 49. Ke1 Rxh2 50. Rd3 $15) 48. Ba4 Rxa5 49. Rb4 b5 50. Bb3 Ra3 51. Kd3 $2 {[%emt 0:00:00] Now White is beyond hope.} (51. Bd5 $17 {is more resistant.}) 51... Kb6 $1 $19 {[%emt 0:00:00] ...Kc5 would now be deadly.} 52. Kxd4 {[%emt 0:00:00] [#]} Ka5 $1 53. Kc3 {[%emt 0:00:00] [#]} Nb7 $1 {[%emt 0:00:00] White must now prevent ...Nc5.} 54. Rd4 (54. f5 $142) 54... Nc5 55. Rd5 Nxb3 {[%emt 0:00:00] KRN-KR} 56. Kb2 Ka4 57. Rxh5 Na5 58. Rh8 b4 59. Ra8 Rf3 {[%emt 0:00:00] ( -> ...Rf2+)} 60. Ra7 Rf2+ {[%emt 0:00:00] Black mates.} 61. Kc1 b3 62. Ra8 Kb4 {[%emt 0:00:00] Weighted Error Value: White=0.76/Black=0.23 (precise) .  Loses game:     	White=1     	---        Missed win:     	---       	Black=1      Mistake:       	White=6     	---        Inaccurate:     	White=4     	Black=2      OK:         	White=10    	Black=16     Best:        	White=2     	Black=8      Strong:       	White=1     	Black=5} 0-1

[Event "27th OIBM 2024"]
[Site "Gmund am Tegernsee"]
[Date "2024.10.28"]
[Round "3.4"]
[White "Piorun, Kacper"]
[Black "Morchiashvili, Bachana"]
[Result "1-0"]
[ECO "A26"]
[WhiteElo "2581"]
[BlackElo "2257"]
[Annotator "RC"]
[PlyCount "97"]
[EventDate "2024.09.16"]
[EventType "swiss"]
[EventCountry "GER"]
[SourceTitle "playchess.com"]
[Source "ChessBase"]
[SourceQuality "1"]
[TimeControl "40/5400+30:1800+30"]

1. c4 e5 2. g3 Nc6 3. Bg2 g6 4. Nc3 Bg7 5. d3 d6 6. Rb1 Nf6 7. b4 O-O 8. b5 Ne7 9. Qb3 a6 10. a4 axb5 11. axb5 h6 12. Nf3 Be6 13. O-O Qd7 14. Bd2 Bh3 15. c5 Bxg2 16. Kxg2 b6 17. c6 Qc8 18. e4 Nh5 19. Ra1 Rxa1 20. Rxa1 Kh7 21. Ne1 f5 22. f3 g5 23. Ra7 fxe4 24. dxe4 Nf6 25. Nd3 g4 26. f4 Nh5 27. Ne2 Nf6 28. Nf2 Kh8 29. Be3 Qd8 30. fxe5 dxe5 31. Qd1 Qxd1 32. Nxd1 Nxe4 33. Rxc7 Nd5 34. Rd7 Nxe3+ 35. Nxe3 Rf2+ 36. Kg1 Rxe2 37. c7 Re1+ 38. Kg2 Rc1 39. Rd8+ Kh7 40. c8=Q Rxc8 41. Rxc8 Nd6 42. Rc6 Nxb5 43. Rxb6 Nd4 44. Nxg4 h5 45. Nf2 Kg8 46. Ne4 Kf7 47. Ng5+ Ke7 48. Rg6 Bf6 49. Ne4 1-0

[Event "27th OIBM 2024"]
[Site "Gmund am Tegernsee"]
[Date "2024.10.28"]
[Round "3.5"]
[White "Weihrauch, Jakob"]
[Black "Jumabayev, Rinat"]
[Result "0-1"]
[ECO "B90"]
[WhiteElo "2260"]
[BlackElo "2577"]
[Annotator "TA"]
[PlyCount "70"]
[EventDate "2024.09.16"]
[EventType "swiss"]
[EventCountry "GER"]
[SourceTitle "playchess.com"]
[Source "ChessBase"]
[SourceQuality "1"]
[TimeControl "40/5400+30:1800+30"]

1. e4 c5 2. Nf3 d6 3. d4 cxd4 4. Nxd4 Nf6 5. Nc3 a6 6. a3 e6 7. g4 h6 8. f4 e5 {[%emt 0:15:37] Black has an edge.} 9. Nf5 h5 10. g5 Nxe4 11. Nxg7+ Bxg7 12. Nxe4 d5 {[%emt 0:00:12] ...Bg4 would now be deadly.} 13. Nc3 d4 (13... Be6 $11 {keeps the balance.}) 14. Ne4 $16 f5 15. gxf6 Bxf6 16. Qe2 (16. Bg2 $1 $16) 16... Nc6 $11 17. Bg2 $1 {[%emt 0:17:13] Strongly threatening 0-0.} Bg4 $36 {[%emt 0:00:12][%mdl 2048] Black is pushing.} 18. Bf3 {[%emt 0:09:03] [#]} (18. Qd3 $1 $11 {and White has nothing to worry.} Bh4+ 19. Ng3) 18... d3 $1 $19 19. Qxd3 (19. Nxf6+ $2 Qxf6 20. Qg2 Bxf3 (20... exf4 $2 21. Bxc6+ bxc6 22. Qe4+ Kf7 23. O-O $19) (20... Nd4 $2 21. Bxg4 hxg4 22. cxd3 $19) 21. Qxf3 O-O-O $19 (21... dxc2 $2 22. Qh3 $19)) 19... Bh4+ 20. Ng3 Qxd3 21. Bxc6+ bxc6 22. cxd3 {[%emt 0:00:02] White is weak on the light squares} O-O-O 23. fxe5 Rxd3 24. O-O $2 (24. Bf4) 24... Bxg3 25. hxg3 Rxg3+ 26. Kf2 h4 {[%emt 0:00:07] And now ...Rh5 would win.} 27. Bg5 Rh5 $2 (27... Rf3+ $19 28. Kg1 Rb3) 28. Bxh4 $1 $15 Rb3 (28... Rf3+ 29. Kg2 Rb3 (29... Rxf1 30. Rxf1 Rxh4 31. Rf8+ Kc7 32. Kg3 $11) 30. Rf8+ Kd7 31. Bf6) 29. Bg3 (29. Rh1 $1 $15) 29... Bh3 $2 (29... Rh3 $19 30. Rg1 Rf3+ (30... Rxb2+ 31. Ke3 $17) 31. Ke1 Rhxg3 (31... Rfxg3 $2 32. Rxg3 Rxg3 33. Kd2 $19) 32. Rxg3 Rxg3) 30. Rg1 $17 {[%emt 0:00:05] [#]} Rf5+ $1 (30... Rxb2+ $2 31. Ke3 $19) 31. Ke1 Rxb2 {[%emt 0:00:43] ...Bg4 is the strong threat. Black has more active pieces.} 32. Rc1 $2 (32. Kd1 $17) 32... Bg4 $19 {[%emt 0:00:18] Black is winning.} 33. Rxc6+ Kb7 34. Rg6 Bh5 {[%emt 0:01:47] ( -> ...Re2+)} 35. Rg7+ Kc6 {[%emt 0:00:05] Weighted Error Value: White=0.41/Black=0.30.  Loses game:     	White=3     	---        Missed win:     	---       	Black=2      Mistake:       	White=2     	Black=1      Inaccurate:     	White=1     	---        OK:         	White=10    	Black=12     Best:        	White=7     	Black=3      Strong:       	White=2     	Black=1      Brilliant:      	---       	Black=1} 0-1

[Event "27th OIBM 2024"]
[Site "Gmund am Tegernsee"]
[Date "2024.10.28"]
[Round "3.6"]
[White "Vogel, Roven"]
[Black "Weber, Samuel"]
[Result "1/2-1/2"]
[ECO "E21"]
[WhiteElo "2559"]
[BlackElo "2256"]
[Annotator "RC"]
[PlyCount "77"]
[EventDate "2024.09.16"]
[EventType "swiss"]
[EventCountry "GER"]
[SourceTitle "playchess.com"]
[Source "ChessBase"]
[SourceQuality "1"]
[TimeControl "40/5400+30:1800+30"]

1. Nf3 Nf6 2. c4 Nc6 3. d4 e6 4. Nc3 Bb4 5. Bd2 a5 6. b3 d6 7. a3 Bxc3 8. Bxc3 O-O 9. e3 Qe7 10. Be2 e5 11. O-O Bf5 12. d5 Nb8 13. Nd2 c6 14. Bb2 Na6 15. dxc6 bxc6 16. Bc3 Nc7 17. b4 a4 18. Bf3 d5 19. b5 Bd3 20. bxc6 Bxf1 21. Bb4 Qe6 22. cxd5 Ncxd5 23. Bxf8 e4 24. Qxf1 exf3 25. Bc5 Qxc6 26. Bd4 fxg2 27. Qxg2 Rc8 28. h3 Qc2 29. Nf3 Qe4 30. Kh2 Qg6 31. Ne5 Qxg2+ 32. Kxg2 Ne4 33. Rb1 f6 34. Nd3 Rc2 35. Rb2 Rd2 36. Rxd2 Nxd2 37. Nb2 Nb1 38. Nxa4 Nxa3 39. Nc3 1/2-1/2

[Event "27th OIBM 2024"]
[Site "Gmund am Tegernsee"]
[Date "2024.10.28"]
[Round "3.7"]
[White "Smits, Mark"]
[Black "Stremavicius, Titas"]
[Result "0-1"]
[ECO "B11"]
[WhiteElo "2251"]
[BlackElo "2541"]
[Annotator "TA"]
[PlyCount "72"]
[EventDate "2024.09.16"]
[EventType "swiss"]
[EventCountry "GER"]
[SourceTitle "playchess.com"]
[Source "ChessBase"]
[SourceQuality "1"]
[TimeControl "40/5400+30:1800+30"]

1. e4 c6 2. Nc3 d5 3. Nf3 Bg4 4. h3 Bxf3 5. Qxf3 e6 6. d4 Nf6 7. Bd3 g6 (7... dxe4 $11 8. Nxe4 Qxd4) 8. Be3 Bg7 9. O-O-O dxe4 {[%emt 0:18:52] White is slightly better.} 10. Nxe4 Nxe4 11. Bxe4 Nd7 12. c4 O-O 13. Kb1 Nf6 14. Bc2 b5 15. Qxc6 bxc4 16. Qxc4 a5 17. Rd3 Rc8 {[%emt 0:03:13][%mdl 1024] Black has compensation.} 18. Qa4 Qd5 19. f3 Rc4 20. Qa3 {[%emt 0:00:50] Bb3 is the strong threat.} Qa8 21. Bb3 Rc6 22. Rc1 {[%emt 0:03:01] Hoping for Rxc6.} Rxc1+ 23. Bxc1 Qa6 $36 {[%emt 0:00:10][%mdl 2048] Black is pushing.} 24. Bc2 Nd5 25. Bd2 {[%emt 0:01:14] Prevents Nb4} (25. Rd1 $11) 25... Ra8 $15 26. Qa4 Nb6 27. Qc6 Rc8 28. Qe4 Nd5 ({Black should try} 28... a4 $1 $15) 29. a3 (29. a4 $11) 29... a4 30. Bc1 {[%emt 0:04:16] [#]} Rc4 $1 {[%emt 0:04:26] Black is much more active.} 31. Rd2 Qb6 {[%emt 0:00:19] Threatens to win with ...Nc3+.} 32. Ka2 Bxd4 33. Re2 $2 (33. Qe1) 33... Qc5 $19 34. Qd3 {[%emt 0:00:45] Repels Rc3} Rc3 35. Qd1 {[%emt 0:04:31] [#]} (35. bxc3 $19 Nxc3+ 36. Ka1) 35... Rxa3+ $3 36. Kb1 {[%emt 0:00:06] [#]} (36. bxa3 Nc3+) 36... Nc3+ $1 {[%emt 0:00:34][%mdl 512] Weighted Error Value: White=0.44/Black=0.08 (flawless) .  Mistake:       	White=4     	Black=1      Inaccurate:     	White=3     	---        OK:         	White=12    	Black=12     Best:        	---       	Black=6      Strong:       	---       	Black=1} 0-1

[Event "27th OIBM 2024"]
[Site "Gmund am Tegernsee"]
[Date "2024.10.28"]
[Round "3.8"]
[White "Amar, Elham"]
[Black "Szajbely, Zsigmond"]
[Result "1-0"]
[ECO "B30"]
[WhiteElo "2540"]
[BlackElo "2240"]
[Annotator "TA"]
[PlyCount "81"]
[EventDate "2024.09.16"]
[EventType "swiss"]
[EventCountry "GER"]
[SourceTitle "playchess.com"]
[Source "ChessBase"]
[SourceQuality "1"]
[TimeControl "40/5400+30:1800+30"]

1. e4 c5 2. Nf3 Nc6 3. Bb5 e5 4. O-O Bd6 5. d4 Nxd4 6. Nxd4 cxd4 7. c3 Bc5 8. cxd4 {[%emt 0:09:44] The position is equal.} exd4 (8... Bxd4 $11 {keeps the balance.} 9. Nd2 Qe7) 9. Nd2 {[%emt 0:01:48] White has more active pieces.} Ne7 10. Nb3 Qb6 11. a4 O-O 12. Nxc5 Qxc5 13. b3 {[%emt 0:00:13] Strongly threatening Ba3.} (13. b4 $5 Qd6 14. Bd3 $14) 13... d6 14. Ba3 Qb6 15. Bc4 Nc6 (15... Re8 $11 {remains equal.}) 16. Bxd6 $16 {[%emt 0:00:27] This pair of bishops is nice.} Re8 {[%emt 0:00:05][%mdl 8192] [#]} (16... Rd8 $16 {is tougher.} 17. e5 Be6) 17. Bxf7+ $1 $18 Kxf7 18. Qh5+ g6 19. Qxh7+ Ke6 20. Qxg6+ Kd7 {[%emt 0:00:03][%cal Oc6e7,Be6d7,Bd7e8,Be8f7][%mdl 32] White must now prevent ...Ne7!} 21. Bg3 Qb4 {[%emt 0:08:03] Prevents Qd6+.} (21... Ne7 {is a better chance.} 22. Qh5 Qg6 23. Qb5+ Ke6) 22. Qf7+ Re7 23. Qd5+ Ke8 24. Bd6 Be6 25. Bxb4 Bxd5 26. Bxe7 Bxb3 27. Bg5 Bc2 28. f4 Kf7 29. Rae1 d3 30. e5 Kg6 31. g4 $2 (31. h4 Kf5 32. g4+ Kxg4 33. f5) 31... d2 {[%emt 0:01:02] [#]} 32. Rd1 Bxd1 33. Rxd1 $16 {[%emt 0:00:05][%mdl 4096] Endgame. KRB-KRN} Nd4 $2 {[%emt 0:00:02][%mdl 8192] This move loses the game for Black.} (33... Nxe5 $16 34. h4 (34. Rxd2 $2 {perishes.} Nf3+ 35. Kg2 Nxd2 $19) (34. fxe5 Kxg5 35. Rxd2 Kxg4 $16) 34... Nxg4) 34. Kf2 $18 (34. Rxd2 Nf3+ 35. Kg2 Nxd2 $11) 34... Ne6 35. Rxd2 Nxg5 {[%emt 0:00:08] KRN-KR} 36. Rd6+ Kg7 37. fxg5 b6 38. h4 {[%emt 0:00:25][%cal Bh2h4,Bh4h5,Bh5h6][%mdl 32] Threatening mate with h5.} Rc8 39. h5 {[%emt 0:00:12] White mates.} Rc5 40. h6+ Kh7 41. Rd7+ {[%emt 0:30:12] Weighted Error Value: White=0.56/Black=0.85.  Loses game:     	---       	Black=2      Mistake:       	White=1     	Black=3      Inaccurate:     	White=3     	Black=2      OK:         	White=9     	Black=10     Best:        	White=3     	Black=4      Brilliant:      	White=1     	---} 1-0